 Dungeon Crawl Stone Soup version 0.29-a0-821-g66395355a5 (webtiles) character file.

Game seed: 7293902431915494636

529 nxtlvl the Chopper (level 7, -13/66 HPs)
             Began as a Naga Gladiator on July 8, 2022.
             Mangled by an orc warrior
             ... wielding a +0 mace
              (17 damage)
             ... on level 6 of the Dungeon.
             The game lasted 00:16:03 (1428 turns).

nxtlvl the Chopper (Naga Gladiator)                 Turns: 1428, Time: 00:16:04

Health: -13/66     AC:  4    Str: 18    XL:     7   Next: 24%
Magic:  7/7        EV: 10    Int:  9    God:
Gold:   96         SH:  0    Dex: 12    Spells: 6/6 levels left

rFire   . . .      SeeInvis +   a - +0 war axe
rCold   . . .      Faith    .   (no shield)
rNeg    . . .      Spirit   .   b - +0 leather armour
rPois   +          Reflect  .   c - +0 helmet
rElec   .          Harm     .   (no cloak)
rCorr   .          Rampage  .   (no gloves)
Will    .....                   (no barding)
Stlth   +.........              (no amulet)
HPRegen 0.21/turn               (no ring)
MPRegen 0.10/turn               (no ring)

@: very slow
A: AC +2, large, see invisible, deformed body, poison resistance, slowness 2,
spit poison 1, naga tail 1
a: Spit Poison


You were on level 6 of the Dungeon.
You visited 1 branch of the dungeon, and saw 6 of its levels.

You collected 96 gold pieces.

Inventory:

Hand Weapons
 a - a +0 war axe (weapon)
Missiles
 d - 3 throwing nets
 e - a javelin
 i - 7 poisoned darts (quivered)
Armour
 b - a +0 leather armour (worn)
 c - a +0 helmet (worn)
 f - a +0 pair of gloves
Wands
 o - a wand of charming (2)
Scrolls
 g - a scroll of identify
 j - a scroll of teleportation
 k - a scroll of vulnerability
 m - 2 scrolls of amnesia {unknown}
 p - a scroll of poison
 q - a scroll of enchant weapon
Potions
 h - 2 potions of attraction
 l - a potion of flight
 n - 7 potions of curing {unknown}
 r - a potion of resistance


   Skills:
 + Level 4.6 Fighting
 * Level 6.8 Axes
 - Level 1.7 Throwing
 - Level 2.4 Dodging


You had 6 spell levels left.
You didn't know any spells.
Your spell library contained the following spells:

 Spells                   Type           Power      Damage    Failure   Level
 Magic Dart               Conj           0%         1d3       43%         1
 Call Imp                 Summ           0%         N/A       58%         2
 Frozen Ramparts          Ice            0%         1d2       82%         3
 Mephitic Cloud           Conj/Pois/Air  0%         N/A       82%         3
 Ice Form                 Ice/Tmut       0%         N/A       99%         4
 Summon Ice Beast         Ice/Summ       0%         N/A       99%         4


Dungeon Overview and Level Annotations

Branches:
Dungeon (6/15)             Temple (0/1) D:6

Altars:
Ashenzari
Sif Muna
Uskayaw
Yredelemnul

Annotations:
D:5 Edmund


Innate Abilities, Weirdness & Mutations

Your serpentine skin is tough. (AC +2)
You have supernaturally acute eyesight. (SInv)
Armour fits poorly on your strangely shaped body.
Your system is resistant to poisons. (rPois)
You cover ground very slowly.
You can spit poison.
You have a snake-like lower body.


Message History

Attack!
You hit the hound.
The hound is moderately wounded.
The hound bites you. The hound misses you.
Your orc warrior hits the hound with a +0 mace!
You barely miss the hound.
The hound is severely wounded.
The hound bites you. x2
Your orc warrior hits the hound with a +0 mace!
The hound dies!
What are your orders? t - Shout!
Orders for allies: a - Attack new target. r - Retreat! s - Stop attacking. g - Guard the area. f - Follow me.
Anything else - Cancel.
Guard this area!
There is a staircase to the Ecumenical Temple here.
What are your orders? t - Shout!
Orders for allies: a - Attack new target. r - Retreat! s - Stop attacking. g - Guard the area. f - Follow me.
Anything else - Cancel.
Guard this area!
The orc warrior is no longer charmed.
There is a staircase to the Ecumenical Temple here.
The orc warrior hits you with a +0 mace!
Aiming: Charm
Press: ? - help, Shift-Dir - straight line, f - orc warrior
Aim: an orc warrior, wielding a +0 mace and wearing a +0 plate armour (chance to affect: 49%)
The orc warrior resists with some effort.
The orc warrior hits you with a +0 mace!!
* * * LOW HITPOINT WARNING * * *
Aiming: Charm
Press: ? - help, Shift-Dir - straight line, f/p - orc warrior
Aim: an orc warrior, wielding a +0 mace and wearing a +0 plate armour (chance to affect: 49%)
The orc warrior resists with some effort.
The orc warrior hits you with a +0 mace!
You die...

...^.....o.. #......#
...........# ##.#....#
............###......)#
#......# .......#.#...#
##....##
.............###
##...##
#.>...#...#......
#...##
#...#....†..#.....
....# #.....o.....#...
....# ...#..@....#.....
...##
#.....#...#.....##
...##
#......!$....##..#
....###.........#.#.##
.
......................
.................#.....
.......# # #.....
...... ....#..# ##...
...... .####..#


You could see an orc warrior.

Vanquished Creatures
  A phantom (D:4)
  A howler monkey (D:5)
  3 hounds
  3 orc wizards
  4 adders
  A worm (D:3)
  2 orcs
  2 bats
  3 endoplasms
  A giant cockroach (D:1)
  4 goblins
  3 hobgoblins
  A kobold (D:1)
  2 quokkas
  3 ball pythons
  2 frilled lizards
  2 rats
38 creatures vanquished.

Vanquished Creatures (collateral kills)
  An ice beast (D:6)
  A hound (D:6)
  2 orc wizards (D:6)
  An orc (D:6)
5 creatures vanquished.

Grand Total: 43 creatures vanquished

Notes
Turn   | Place    | Note
-------+----------+-------------------------------------------
     0 | D:1      | nxtlvl the Naga Gladiator began the quest for the Orb.
     0 | D:1      | Reached XP level 1. HP: 19/19 MP: 1/1
    43 | D:1      | Reached XP level 2. HP: 15/26 MP: 2/2
   165 | D:3      | Reached XP level 3. HP: 22/33 MP: 3/3
   460 | D:3      | Reached skill level 4 in Axes
   518 | D:4      | Noticed a phantom
   635 | D:4      | Found a hide-covered altar of Uskayaw.
   670 | D:4      | Killed a phantom
   671 | D:4      | Reached XP level 4. HP: 26/42 MP: 4/4
   671 | D:4      | Reached XP level 5. HP: 30/49 MP: 5/5
   686 | D:4      | Reached skill level 5 in Axes
   699 | D:5      | Entered Level 5 of the Dungeon
   876 | D:3      | Found a basalt altar of Yredelemnul.
  1052 | D:5      | Noticed Edmund
  1103 | D:5      | Reached XP level 6. HP: 53/57 MP: 6/6
  1264 | D:5      | Noticed an ice beast
  1282 | D:6      | Found a broken altar of Ashenzari.
  1294 | D:6      | Noticed an orc warrior
  1295 | D:6      | Noticed an ice beast
  1305 | D:6      | Killed an ice beast
  1306 | D:6      | Reached skill level 6 in Axes
  1308 | D:6      | Found a shimmering blue altar of Sif Muna.
  1314 | D:6      | Reached XP level 7. HP: 40/66 MP: 7/7
  1401 | D:6      | Found a staircase to the Ecumenical Temple.
  1428 | D:6      | Mangled by an orc warrior

Illustrated notes

Levels and vault maps discovered:
D:1:      minmay_arrival_nine_rooms, layout_basic,
          hellmonk_ecumenical_altar_run_dry, nrook_mini_backslash
D:2:      layout_basic, minmay_pentomino_z4, uniq_terence, uniq_robin
D:3:      layout_basic, mainiacjoe_overflow_tiny_flanked
D:4:      layout_basic, eat_drink_and_be_merry_uskayaw
D:5:      layout_rooms, slow_altar_2, mainiacjoe_overflow_six_doors_small,
          grunt_tough_drop, uniq_edmund
D:6:      layout_layer_cave, nicolae_tso_carved_into_rock,
          kennysheep_orc_sif_temple, nicolae_overflow_crystal_walls,
          minmay_temple_entry_sparse_star, gup_sewer_entry_pipe, ldierk_geyser,
          serial_park_tiny_1

Skill      XL: |  1  2  3  4  5  6 |
---------------+-------------------+-----
Axes           | 4 5 6 |  6.8
Fighting       | 3 4 |  4.6
Throwing       | |  1.7
Dodging        | |  2.4

Action                   |  1- 3 |  4- 6 |  7- 9 || total
-------------------------+-------+-------+-------++-------
Melee: War axe           |    49 |    38 |    11 ||    98
       Punch             |       |     1 |       ||     1
Throw: Dart              |       |     3 |       ||     3
 Abil: Spit Poison       |    16 |    13 |     1 ||    30
Evoke: Wand              |       |     3 |     5 ||     8
  Use: Scroll            |       |     7 |       ||     7
Armor: Leather armour    |    10 |    11 |     6 ||    27
Dodge: Dodged            |    30 |    21 |     5 ||    56

Table legend: (Time is in decaauts)
 A = Elapsed time spent in this place.
 B = Non-inter-level travel time spent in this place.
 C = Inter-level travel time spent in this place.
 D = Time resting spent in this place.
 E = Time spent auto-exploring this place.
 F = Levels seen in this place.
 G = Mean time per level.
                   A        B        C        D        E       F      G
               +--------+--------+--------+--------+--------+-----+--------+
         Total |   1926 |   1747 |    179 |      0 |      0 |   6 |  321.0 |
       Dungeon |   1926 |   1747 |    179 |      0 |      0 |   6 |  321.0 |
               +--------+--------+--------+--------+--------+-----+--------+

Top non-repeatable levels by time:
     D:4: 635 daAuts
     D:3: 440 daAuts
     D:2: 324 daAuts
     D:5: 197 daAuts
     D:6: 190 daAuts
     D:1: 138 daAuts
